 Dungeon Crawl Stone Soup version 0.30-a0-800-g7c544603b3 (webtiles) character file.

Game seed: 1628251819533875160

560 dialectric the Slasher (level 7, -3/55 HPs)
             Began as a Demonspawn Fighter on Feb 21, 2023.
             Was a Follower of Okawaru.
             Slain by asti's ghost (17 damage)
             ... on level 5 of the Dungeon.
             The game lasted 00:04:54 (3917 turns).

dialectric the Slasher (Demonspawn Fighter)         Turns: 3917, Time: 00:04:54

Health: -3/55      AC:  9    Str: 16 (19) XL:     7   Next: 9%
Magic:  7/7        EV:  9    Int:  7 (9)  God:    Okawaru [*.....]
Gold:   217        SH:  4    Dex: 10 (12) Spells: 6/6 levels left

rFire   . . .      SeeInvis .    a - +0 long sword
rCold   . . .      Faith    .    (no shield)
rNeg    . . .      Spirit   .    b - +0 scale mail
rPois   .          Reflect  .    (no helmet)
rElec   .          Harm     .    (no cloak)
rCorr   .          Rampage  .    p - +0 pair of gloves
Will    .....                    y - +0 pair of boots Stlth
                                 (no amulet)
HPRegen 0.29/turn                (no ring)
MPRegen 0.10/turn                (no ring)

@: mighty
A: hooves 1, (demonic guardian 1), condensation shield, demonic touch 1
a: Renounce Religion, Heroism


You were on level 5 of the Dungeon.
You worshipped Okawaru.
Okawaru was aware of your devotion.
You visited 1 branch of the dungeon, and saw 5 of its levels.

You collected 217 gold pieces.

Inventory:

Hand Weapons
 a - a +0 long sword (weapon)
Missiles
 h - 12 poisoned darts (quivered)
Armour
 b - a +0 scale mail (worn)
 c - a +0 buckler
 p - a +0 pair of gloves (worn)
 y - a +0 pair of boots (worn)
Jewellery
 z - a +4 ring of slaying
Scrolls
 i - 7 scrolls of identify {unknown}
 j - 2 scrolls of enchant weapon {unknown}
 k - a scroll of immolation
 o - a scroll of poison
 s - a scroll of teleportation {unknown}
 t - a scroll of enchant armour {unknown}
 v - 4 scrolls of amnesia {unknown}
 x - a scroll of vulnerability {unknown}
 B - a scroll of fog {unknown}
Potions
 e - a potion of berserk rage {unknown}
 g - a potion of cancellation {unknown}
 l - a potion of flight {unknown}
 m - 2 potions of degeneration
 n - a potion of invisibility {unknown}
 q - 2 potions of haste {unknown}
 u - 2 potions of brilliance {unknown}
 w - a potion of magic {unknown}
 A - 2 potions of mutation {unknown}


   Skills:
 * Level 4.4 Fighting
 * Level 5.5 Long Blades
 * Level 4.0 Armour
 - Level 1.0 Dodging
 - Level 2.6 Shields


You had 6 spell levels left.
You didn't know any spells.
Your spell library contained the following spells:

 Spells                   Type           Power      Damage    Failure   Level
 Dazzling Flash           Conj/Hex       0%         N/A       99%         3
 Agony                    Necr           0%         N/A       100%        5
 Silence                  Hex/Air        0%         N/A       100%        5


Dungeon Overview and Level Annotations

Branches:
Dungeon (5/15)
 Temple: D:4-7

Altars:
Makhleb
Okawaru
Yredelemnul

Shops:
D:1 :   D:3 (   D:4 [

Annotations:
D:2 1 runed translucent door, Crazy Yiuf
D:5 asti's ghost, novice MiBe


Innate Abilities, Weirdness & Mutations

You have large cloven feet.
((A weak demonic guardian rushes to your aid.))
A meltable shield of frost defends you. (SH +4)
Your touch may inflict minor irresistible damage on your foes.


Message History

You block asti's ghost's attack.
You closely miss asti's ghost.
You touch asti's ghost!
Asti's ghost is heavily damaged.
Asti's ghost hits you!
You closely miss asti's ghost.
Asti's ghost is heavily damaged.
Asti's ghost hits you!
* * * LOW HITPOINT WARNING * * *
You barely miss asti's ghost.
Asti's ghost is heavily damaged.
Asti's ghost hits you.
* * * LOW HITPOINT WARNING * * *
Asti's ghost closely misses you.
You slash asti's ghost! Your touch misses asti's ghost.
Asti's ghost is severely damaged.
Asti's ghost hits you.
* * * LOW HITPOINT WARNING * * *
You barely miss asti's ghost.
Asti's ghost is severely damaged.
Asti's ghost says, "What do you have that I didn't have?"
Asti's ghost barely misses you.
You slash asti's ghost!
Asti's ghost is almost destroyed.
Asti's ghost barely misses you.
You feel better.
Asti's ghost hits you but does no damage.
It was a potion of degeneration.
There was something very wrong with that liquid.
You feel weakened.
You feel dopey.
You feel clumsy. Asti's ghost hits you.
* * * LOW HITPOINT WARNING * * *
You feel better. Asti's ghost barely misses you.
Unknown command.
Okay, then.
Unknown command.
Unknown command.
You barely miss asti's ghost.
You touch asti's ghost!
Asti's ghost is almost destroyed.
Asti's ghost hits you!
You die...

#.#.#...## #.#
#.#......## #.#
#.###.....#####
#.# #.#
##.....##.## #.#
#.# #..........#
#.### #.#
#...........#
#...#
#.###..........##
###.#
###..........##..#
#.#
#....###########@#
#.# #.##.#
~)~~~~W.# #.#
#.##.# #######.#
##.# ..##.# ##..#
#..# #.##.# #.##
#.## ..##.# # ..
#.# .....###.# ##
#.# ......... #.#
......... #.#


You could see asti's ghost.

Vanquished Creatures
  An ice beast (D:5)
  A black bear (D:5)
  A phantom (D:4)
  3 orc priests
  An iguana (D:3)
  Terence (D:3)
  2 orc wizards
  4 adders
  A worm (D:2)
  2 dart slugs
  18 orcs
  4 endoplasms
  3 giant cockroaches
  7 goblins
  6 hobgoblins
  4 jackals
  4 quokkas
  5 ball pythons
  4 bats
  7 kobolds
  A rat (D:1)
80 creatures vanquished.

Vanquished Creatures (others)
  A hobgoblin (D:2)
1 creature vanquished.

Grand Total: 81 creatures vanquished

Notes
Turn   | Place    | Note
-------+----------+-------------------------------------------
     0 | D:1      | dialectric the Demonspawn Fighter began the quest for the
                  | Orb.
     0 | D:1      | Reached XP level 1. HP: 18/18 MP: 1/1
    49 | D:1      | Found Furos's Book Shop.
   143 | D:1      | Gained mutation: A meltable shield of frost defends you.
                  | (SH +4) [demonic ancestry]
   143 | D:1      | Reached XP level 2. HP: 13/24 MP: 2/2
   235 | D:1      | Reached skill level 2 in Long Blades
   413 | D:2      | Found an iron altar of Okawaru.
   462 | D:2      | Became a worshipper of Warmaster Okawaru
   586 | D:2      | Reached skill level 1 in Dodging
   586 | D:2      | Reached XP level 3. HP: 17/29 MP: 3/3
  1006 | D:2      | Found a runed translucent door.
  1007 | D:2      | Noticed Crazy Yiuf
  1577 | D:3      | Reached XP level 4. HP: 12/37 MP: 4/4
  2019 | D:3      | Found a faded altar of an unknown god.
  2067 | D:3      | Noticed Terence
  2088 | D:3      | Killed Terence
  2089 | D:3      | Reached skill level 3 in Long Blades
  2228 | D:3      | Found Dano's Antique Weapon Boutique.
  2501 | D:4      | Noticed a phantom
  2518 | D:4      | Killed a phantom
  2519 | D:4      | Discovered your monstrous ancestry.
  2519 | D:4      | Gained mutation: Your touch may inflict minor irresistible
                  | damage on your foes. [demonic ancestry]
  2519 | D:4      | Reached XP level 5. HP: 20/42 MP: 5/5
  2642 | D:4      | Found a burning altar of Makhleb.
  2788 | D:4      | Reached skill level 4 in Long Blades
  2794 | D:4      | Reached * piety under Okawaru
  2906 | D:4      | Gained mutation: You have large cloven feet. [demonic
                  | ancestry]
  2906 | D:4      | Reached XP level 6. HP: 48/48 MP: 6/6
  2924 | D:4      | Found a basalt altar of Yredelemnul.
  3214 | D:4      | Found Wettuffo's Armour Boutique.
  3395 | D:5      | Entered Level 5 of the Dungeon
  3500 | D:5      | Noticed an ice beast
  3510 | D:5      | Killed an ice beast
  3511 | D:5      | Reached skill level 5 in Long Blades
  3714 | D:5      | Gained mutation: A weak demonic guardian rushes to your
                  | aid. [demonic ancestry]
  3714 | D:5      | Reached XP level 7. HP: 29/55 MP: 7/7
  3891 | D:5      | Found a runed translucent door.
  3893 | D:5      | Noticed asti's ghost (novice MiBe)
  3917 | D:5      | Slain by asti's ghost

Illustrated notes

Levels and vault maps discovered:
D:1:      dpeg_arrival_stone_temple_mockup, layout_rooms, serial_shops, shop
D:2:      layout_loops_cross, basic_altar, lemuel_flame_loot_1,
          uniq_crazy_yiuf_cottage
D:3:      layout_basic, serial_shops, shop,
          hellmonk_ecumenical_altar_crossroads, dreamdust_princess_bridge,
          kennysheep_generic_room_9, uniq_terence
D:4:      layout_loops_ring, mainiacjoe_overflow_cross_hatched,
          mainiacjoe_overflow_24_doors, serial_shops, shop,
          hangedman_decor_push, minmay_misc_feat_columns
D:5:      layout_loops_ring, ebering_ghost_sewer_d, minmay_misc_feat_enclosed,
          chequers_serial_rivers_small_b

Skill      XL: |  1  2  3  4  5  6 |
---------------+-------------------+-----
Long Blades    | 2 3 4 5 |  5.5
Armour         | 3 4 |  4.0
Dodging        | 1 |  1.0
Fighting       | 4 |  4.4
Shields        | |  2.6

Action                     |  1- 3 |  4- 6 |  7- 9 || total
---------------------------+-------+-------+-------++-------
  Melee: Long sword        |   126 |   188 |    19 ||   333
         Punch             |     1 |     3 |     1 ||     5
         Touch             |       |    11 |     5 ||    16
  Throw: Dart              |     1 |       |       ||     1
    Use: Potion            |     1 |       |     4 ||     5
         Scroll            |       |     3 |     1 ||     4
 Armour: Scale mail        |    76 |    87 |     7 ||   170
  Dodge: Dodged            |    67 |   103 |     7 ||   177
  Block: Other             |    20 |    48 |     4 ||    72

Table legend: (Time is in decaauts)
 A = Elapsed time spent in this place.
 B = Non-inter-level travel time spent in this place.
 C = Inter-level travel time spent in this place.
 D = Time resting spent in this place.
 E = Time spent auto-exploring this place.
 F = Levels seen in this place.
 G = Mean time per level.
                   A        B        C        D        E       F      G
               +--------+--------+--------+--------+--------+-----+--------+
         Total |   3999 |   3827 |    172 |    176 |   2838 |   5 |  799.8 |
       Dungeon |   3999 |   3827 |    172 |    176 |   2838 |   5 |  799.8 |
               +--------+--------+--------+--------+--------+-----+--------+

Top non-repeatable levels by time:
     D:2: 1193 daAuts
     D:4: 962 daAuts
     D:3: 903 daAuts
     D:5: 530 daAuts
     D:1: 410 daAuts
